 Dungeon Crawl Stone Soup version 0.21.0 (webtiles) character file.

14651 KristoblXynda the Covert (level 11, -20/51 HPs)
             Began as a Spriggan Fighter on Jan 6, 2018.
             Was an Initiate of Gozag.
             Killed from afar by a deep troll earth mage (38 damage)
             ... with a blast of rock fragments
             ... on level 11 of the Dungeon.
             The game lasted 00:24:52 (11815 turns).

KristoblXynda the Covert (Spriggan Fighter)        Turns: 11815, Time: 00:24:52

Health: -20/51     AC:  5    Str: 12    XL:     11   Next: 91%
Magic:  0/19       EV: 26    Int: 13    God:    Gozag
Gold:   2237       SH:  8    Dex: 16    Spells: 10/10 levels left

rFire    . . .     SeeInvis +   l - +3 dagger (elec)
rCold    . . .     Gourm    .   c - +0 buckler
rNeg     . . .     Faith    .   b - +1 robe
rPois    +         Spirit   +   (helmet restricted)
rElec    .         Reflect  .   q - scarf {repulsion}
rCorr    .         Harm     .   (gloves unavailable)
MR       +....                  (boots unavailable)
Stlth    +++++.....             w - amulet of guardian spirit
HPRegen  0.17/turn              h - ring of poison resistance
MPRegen  0.16/turn              s - +2 ring of protection

@: gold aura, repel missiles, very quick
A: very small, unfitting armour, see invisible, herbivore, speed 3, slow
metabolism 2
a: Potion Petition, Call Merchant, Bribe Branch, Renounce Religion


You were on level 11 of the Dungeon.
You worshipped Gozag.
Gozag was most pleased with you.
You were not hungry.

You visited 1 branch of the dungeon, and saw 11 of its levels.

You collected 2279 gold pieces.
You paid 42 gold pieces to Gozag.

Inventory:

Hand Weapons
 l - a +3 dagger of electrocution (weapon)
 n - a +2 short sword of holy wrath
Armour
 b - a +1 robe (worn)
 c - a +0 buckler (worn)
 q - a scarf of repulsion (worn)
 E - a +0 cloak of magic resistance
Jewellery
 h - a ring of poison resistance (left hand)
 s - a +2 ring of protection (right hand)
 w - an amulet of guardian spirit (around neck)
Wands
 a - a wand of disintegration (1)
 g - a wand of acid (14)
 p - a wand of clouds (6)
Scrolls
 k - a scroll of remove curse
 r - 3 scrolls of immolation
 u - 2 scrolls of fog
 y - a scroll of identify
 A - 2 scrolls of teleportation
Potions
 d - a potion of might
 e - 5 potions of agility
 i - 4 potions of curing
 j - 2 potions of brilliance
 m - 2 potions of berserk rage
 o - 2 potions of magic
 t - 2 potions of invisibility
 v - a potion of mutation
 x - a potion of haste
 z - 3 potions of flight
Books
 D - a book of Battle

   Spells                             Type                      Level
   a - Infusion                       Charms                       1
   b - Shroud of Golubria             Charms/Translocation         2
   c - Song of Slaying                Charms                       2
   d - Spectral Weapon                Hexes/Charms                 3
   e - Regeneration                   Charms/Necromancy            3
Miscellaneous
 C - a sack of spiders
 F - a phial of floods
Comestibles
 f - 12 rations


   Skills:
 - Level 2.4 Fighting
 + Level 11.0 Short Blades
 + Level 10.6 Dodging
 + Level 12.3 Stealth
 + Level 8.1 Shields
 - Level 10.6 Evocations


You had 10 spell levels left.
You didn't know any spells.

Dungeon Overview and Level Annotations

Branches:
Dungeon (11/15)            Temple (0/1) D:7            Lair (0/6) D:8
    Orc: D:9-12

Altars:
Cheibriados
Gozag
Nemelex Xobeh

Shops:
D:4 *   D:5 [   D:7 }


Innate Abilities, Weirdness & Mutations

You are very small and have problems with some larger weapons.
You are too small for most types of armour.
You have supernaturally acute eyesight. (SInv)
You are a herbivore.
You cover ground extremely quickly.
You need consume almost no food.


Message History

The hippogriff is engulfed in poison gas.
The hippogriff is poisoned.
The hippogriff barely misses you. x2
The hippogriff completely misses you.
The deep troll earth mage is engulfed in poison gas.
The deep troll earth mage is poisoned.
The deep troll earth mage casts a spell at you.
The wall shatters!
The blast of rock fragments hits you!
* * * LOW HITPOINT WARNING * * *
Unknown command.
You feel better.
The hippogriff is engulfed in poison gas.
The hippogriff looks even sicker.
The hippogriff barely misses you. The hippogriff closely misses you.
You block the hippogriff's attack.
The deep troll earth mage is engulfed in poison gas.
The deep troll earth mage looks even sicker.
The deep troll earth mage gestures at you while chanting.
The wall shatters!
The blast of rock fragments hits you!
Ouch! That really hurt!
You die...
Your body crumbles into a pile of gold.

$.... #...# ### ## ..#.. #..
.. ....z #.#####.## ###.##
#.##.....#####....z.
#.##.### .W #.##....
#.##W#§#.##y#.#z##$.
#.#@H§T§§$#.#..#..##
#...##§§§##....#(#..
#####.#.#)......#...#.##
#####.....#.##.#(#.##...#.#.
...#.###.#....### ##(..#.#.
## #.#.# #.####... #....#.#
#.###..#
#.#####.#########.## #.#.###
#..................) #..#
#######.########)###


You could see a deep troll earth mage, a hippogriff and a phantom.

Vanquished Creatures
  2 hydras
  3 two-headed ogres
  A manticore (D:11)
  A cyclops (D:11)
  Maurice (D:8)
  Joseph (D:8)
  A komodo dragon (D:10)
  A hornet (D:7)
  2 dream sheep (D:8)
  3 hippogriffs
  3 wyverns
  Eustachio (D:4)
  12 yaks
  A steam dragon (D:7)
  Grum (D:8)
  Menkaure (D:7)
  A porcupine (D:8)
  A water moccasin (D:11)
  4 sky beasts
  6 orc warriors
  3 phantoms
  2 black bears
  4 ice beasts
  2 ogres (D:11)
  5 centaurs
  3 wolves (D:8)
  3 big kobolds (D:8)
  Blork the orc (D:6)
  8 bullfrogs
  5 scorpions
  A wyvern skeleton (D:9)
  13 killer bees
  2 bullfrog zombies
  3 crimson imps
  2 jellies
  3 hounds
  2 centaur skeletons
  4 orc priests
  9 orc wizards
  An iguana (D:8)
  A bullfrog skeleton (D:7)
  Ijyb (D:4)
  Natasha (thrice) (D:2)
  11 worker ants
  A hound skeleton (D:8)
  A hound zombie (D:5)
  14 adders
  A howler monkey skeleton (D:11)
  3 shadow imps
  2 oozes (D:4)
  2 adder zombies
  4 worms
  3 dart slugs
  3 leopard geckos
  42 orcs
  5 bats
  6 giant cockroaches
  5 goblins
  12 hobgoblins
  11 jackals
  9 kobolds
  2 quokkas
  2 ball pythons
  6 frilled lizards
  A jackal skeleton (D:5)
  A leopard gecko skeleton (D:4)
  11 rats
286 creatures vanquished.

Vanquished Creatures (others)
  11 fungi (D:8)
  7 plants (D:8)
18 creatures vanquished.

Grand Total: 304 creatures vanquished

Notes
Turn   | Place    | Note
-------+----------+-------------------------------------------
     0 | D:1      | KristoblXynda the Spriggan Fighter began the quest for the Orb.
     0 | D:1      | Reached XP level 1. HP: 11/11 MP: 2/2
   294 | D:1      | Reached XP level 2. HP: 13/16 MP: 3/3
  1153 | D:2      | Noticed Natasha
  1221 | D:2      | Reached skill level 5 in Dodging
  1221 | D:2      | Reached XP level 3. HP: 19/19 MP: 4/4
  1261 | D:2      | Killed Natasha
  1261 | D:2      | Reached skill level 1 in Stealth
  1313 | D:2      | Reached skill level 2 in Stealth
  1319 | D:2      | Reached XP level 4. HP: 23/23 MP: 5/5
  1394 | D:2      | Reached skill level 3 in Stealth
  1395 | D:2      | Noticed Natasha
  1408 | D:2      | Killed Natasha
  1640 | D:2      | Reached XP level 5. HP: 27/27 MP: 6/6
  1898 | D:2      | Noticed Natasha
  1904 | D:2      | Killed Natasha
  2102 | D:3      | Reached skill level 4 in Stealth
  2321 | D:3      | Reached XP level 6. HP: 32/32 MP: 7/7
  2572 | D:3      | Reached skill level 5 in Stealth
  2727 | D:4      | Found Gozag's Platinum Reserve.
  2727 | D:4      | Found an opulent altar of Gozag.
  2734 | D:4      | Noticed Ijyb
  2741 | D:4      | Became a worshipper of Gozag Ym Sagoz the Greedy
  2765 | D:4      | Killed Ijyb
  3077 | D:4      | Reached skill level 5 in Short Blades
  3172 | D:4      | Reached skill level 6 in Stealth
  3172 | D:4      | Reached XP level 7. HP: 24/35 MP: 8/8
  3229 | D:4      | Noticed Eustachio
  3243 | D:4      | Killed Eustachio
  3243 | D:4      | Reached skill level 1 in Evocations
  3700 | D:4      | Reached skill level 7 in Stealth
  3931 | D:5      | Entered Level 5 of the Dungeon
  4063 | D:5      | Found Xyvuq's Armour Boutique.
  4162 | D:5      | Reached XP level 8. HP: 39/39 MP: 11/11
  4780 | D:6      | Reached skill level 8 in Stealth
  5147 | D:6      | Noticed Blork the orc
  5154 | D:6      | Killed Blork the orc
  5154 | D:6      | Reached skill level 5 in Shields
  5154 | D:6      | Reached skill level 5 in Evocations
  5302 | D:7      | Noticed Menkaure
  5307 | D:7      | Killed Menkaure
  5307 | D:7      | Reached skill level 9 in Stealth
  5316 | D:7      | Noticed a hippogriff
  5327 | D:7      | Killed a hippogriff
  5389 | D:7      | Found a staircase to the Ecumenical Temple.
  5405 | D:7      | Reached XP level 9. HP: 39/43 MP: 14/14
  5440 | D:7      | Found a snail-covered altar of Cheibriados.
  6225 | D:7      | Reached skill level 10 in Stealth
  6847 | D:7      | Found Qielun's Gadget Shoppe.
  7268 | D:8      | Noticed Maurice
  7818 | D:8      | Reached skill level 11 in Stealth
  7838 | D:8      | Reached XP level 10. HP: 19/47 MP: 15/17
  8053 | D:8      | Noticed a three-headed hydra
  8056 | D:8      | Killed a three-headed hydra
  8355 | D:8      | Noticed Grum
  8372 | D:8      | Killed Grum
  8394 | D:8      | Killed Maurice
  8915 | D:8      | Found a staircase to the Lair.
  8957 | D:8      | Noticed Joseph
  8960 | D:8      | Killed Joseph
  9492 | D:9      | Reached XP level 11. HP: 42/51 MP: 19/19
  9809 | D:9      | Reached skill level 10 in Evocations
 10203 | D:9      | Noticed a two-headed ogre
 10219 | D:9      | Killed a two-headed ogre
 10219 | D:9      | Reached skill level 10 in Short Blades
 10352 | D:10     | Entered Level 10 of the Dungeon
 10394 | D:10     | Found a sparkling altar of Nemelex Xobeh.
 10394 | D:10     | Noticed a five-headed hydra
 10396 | D:10     | Noticed a two-headed ogre
 10410 | D:10     | Killed a two-headed ogre
 10417 | D:10     | Killed a five-headed hydra
 10988 | D:10     | Noticed a two-headed ogre
 11001 | D:10     | Killed a two-headed ogre
 11237 | D:11     | Reached skill level 10 in Dodging
 11428 | D:11     | Reached skill level 12 in Stealth
 11432 | D:11     | Noticed a skeletal warrior
 11432 | D:11     | Noticed a skeletal warrior
 11632 | D:11     | Noticed a skeletal warrior
 11638 | D:11     | Noticed a deep troll earth mage
 11815 | D:11     | Killed from afar by a deep troll earth mage

Skill      XL: |  1  2  3  4  5  6  7  8  9 10 11 |
---------------+----------------------------------+-----
Dodging        | 5 8 10 | 10.6
Short Blades   | 3 4 5 6 7 8 9 11 | 11.0
Stealth        | 2 3 4 6 7 9 11 12 | 12.3
Shields        | 3 4 5 6 7 8 |  8.1
Evocations     | 3 5 8 9 10 | 10.6
Fighting       | |  2.4

Action                   |  1- 3 |  4- 6 |  7- 9 | 10-12 || total
-------------------------+-------+-------+-------+-------++-------
Melee: Rapier            |    46 |       |       |       ||    46
       Dagger            |    39 |   222 |   327 |   464 ||  1052
       Short sword       |       |       |    13 |     8 ||    21
Evoke: Wand              |       |       |     3 |    18 ||    21
  Use: Scroll            |     3 |     6 |     7 |     8 ||    24
       Potion            |       |       |     4 |     2 ||     6
 Stab: Sleeping          |     2 |     3 |    19 |    16 ||    40
       Distracted        |       |       |     5 |     3 ||     8
  Eat: Ration            |       |       |     3 |     2 ||     5
Armor: Robe              |     4 |    22 |    11 |    14 ||    51
Dodge: Dodged            |    65 |   133 |   162 |   195 ||   555
       Deflected         |       |       |       |     2 ||     2
Block: Buckler           |    18 |    67 |    61 |    88 ||   234
